 Dungeon Crawl Stone Soup version 0.19-a0-49-gb8736b8 (webtiles) character file.

58 M4edhros the Chopper (level 3, 0/31 HPs)
             Began as a Minotaur Berserker on May 6, 2016.
             Was a Follower of Trog.
             Slain by a hobgoblin
             ... wielding a +0 club
              (6 damage)
             ... on level 3 of the Dungeon.
             The game lasted 00:02:04 (326 turns).

M4edhros the Chopper (Minotaur Berserker)            Turns: 326, Time: 00:02:05

Health: 0/31       AC:  2    Str: 21    XL:     3   Next: 76%
Magic:  2/2        EV: 12    Int:  4    God:    Trog [*.....]
Gold:   51         SH:  0    Dex: 10    Spells: 0 memorised, 2 levels left

rFire  . . .     SeeInvis .     a - +0 hand axe
rCold  . . .     Gourm    .     b - +0 animal skin
rNeg   . . .     Faith    .     (no shield)
rPois  .         Spirit   .     (helmet restricted)
rElec  .         Dismiss  .     (no cloak)
rCorr  .         Reflect  .     (no gloves)
SustAt .         Harm     .     (no boots)
MR     .....                    (no amulet)
Stlth  +.........               (no ring)
                                (no ring)

@: not resistant to hostile enchantments, very unstealthy
A: retaliatory headbutt, horns 2
a: Berserk, Burn Spellbooks, Renounce Religion


You were on level 3 of the Dungeon.
You worshipped Trog.
Trog was aware of your devotion.
You were not hungry.

You visited 1 branch of the dungeon, and saw 3 of its levels.

You collected 51 gold pieces.

Inventory:

Hand Weapons
 a - a +0 hand axe (weapon)
Armour
 b - a +0 animal skin (worn)
Scrolls
 d - a scroll of fear {unknown}
Potions
 e - a potion of heal wounds {unknown}
Comestibles
 c - a bread ration
 f - a chunk of flesh


   Skills:
 - Level 3.6 Fighting
 + Level 5.7 Axes
 - Level 2.4 Armour
 - Level 2.1 Dodging


You had 2 spell levels left.
You didn't know any spells.

Dungeon Overview and Level Annotations

Branches:
Dungeon (3/15)

Altars:


Innate Abilities, Weirdness & Mutations

You reflexively headbutt those who attack you in melee.
You have a pair of horns on your head.


Message History

The goblin shoots a stone.
The stone completely misses you.
A hobgoblin comes into view. It is wielding a club.
The hobgoblin shouts!
The goblin shoots a stone.
The stone barely misses you.
You are too injured to fight recklessly!
You are too injured to fight recklessly!
You are too injured to fight recklessly!
The goblin shoots a stone.
The stone hits you!
You see here a stone.
The goblin unwields an uncursed hunting sling.
The goblin closely misses you. You furiously retaliate!
You headbutt the goblin!
You kill the goblin!
Trog accepts your kill. The hobgoblin hits you with a club.
* * * LOW HITPOINT WARNING * * *
You hit the hobgoblin. You headbutt the hobgoblin.
The hobgoblin is almost dead.
The hobgoblin hits you with a club.
You die...

#........########
#................#
#................#
##....<....()...(.#
.....(.....[......#
#...(............#
#....>..(........#
########....(.......#
#....g@.(...........#
#.#####....#........#
#.).##.......####
#.##########..# #.
##.#### . #....## ..
##..... .. #..... #.#
#.....


You could see a hobgoblin.

Vanquished Creatures
  2 gnolls (D:3)
  An adder (D:2)
  A worm (D:2)
  A giant gecko (D:1)
  3 orcs (D:3)
  2 giant cockroaches
  3 goblins
  2 hobgoblins
  2 jackals (D:2)
  2 kobolds
  A quokka (D:2)
  2 ball pythons
22 creatures vanquished.

Notes
Turn   | Place    | Note
--------------------------------------------------------------
     0 | D:1      | M4edhros the Minotaur Berserker began the quest for the Orb.
     0 | D:1      | Reached XP level 1. HP: 19/19 MP: 0/0
   132 | D:1      | Reached skill level 4 in Axes
   147 | D:2      | Reached XP level 2. HP: 26/26 MP: 1/1
   172 | D:2      | Reached skill level 5 in Axes
   192 | D:3      | Reached XP level 3. HP: 4/31 MP: 2/2
   249 | D:3      | Reached ** piety under Trog
   326 | D:3      | Slain by a hobgoblin

Vault maps used:
D:1:      minmay_arrival_statue_studded, kennysheep_small_spiral
D:2:      serial_corexii_hall, corexii_hall_statues_x, corexii_hall_statues_l,
          st_stairs_13
D:3:      nicolae_overflow_crystal_walls, grunt_temple_overflow_open,
          dk_noncrumbling_3

Skill      XL: |  1  2 |
---------------+-------+-----
Axes           | 4 5 |  5.7
Fighting       | |  3.6
Armour         | |  2.4
Dodging        | |  2.1

Action                   || total
-------------------------++-------
Melee: Hand axe          ||    32
       Headbutt          ||     8
Invok: Berserk           ||     2
       Burn Spellbooks   ||     1
       Trog's Hand       ||     1
  Use: Potion            ||     1
Armor: Animal skin       ||     6
Dodge: Dodged            ||    35
